 Dungeon Crawl Stone Soup version 0.27-b1-42-g19c61b19a5 (webtiles) character file.

Game seed: 17079836665236709281

2521 shoop the Frost Mage (level 9, -5/65 HPs)
             Began as a Barachi Ice Elementalist on July 28, 2021.
             Was a Believer of Sif Muna.
             Slain by a hornet (11 damage)
             ... on level 8 of the Dungeon on July 29, 2021.
             The game lasted 00:29:25 (9816 turns).

shoop the Frost Mage (Barachi Ice Elementalist)     Turns: 9816, Time: 00:29:25

Health: -5/65      AC: 13    Str: 12    XL:     9   Next: 54%
Magic:  9/15       EV: 10    Int: 21    God:    Sif Muna [**....]
Gold:   378        SH:  0    Dex: 12    Spells: 4/16 levels left

rFire    . . .     SeeInvis .   D - +1 spear (venom)
rCold    . . .     Faith    .   (no shield)
rNeg     . . .     Spirit   .   B - +3 scale mail of Curiosity {Drain Regen+ Int+4}
rPois    .         Reflect  .   o - +2 hat
rElec    .         Harm     .   (no cloak)
rCorr    .         Rampage  .   w - +0 pair of gloves
Will     .....                  (no boots)
Stlth    +.........             (no amulet)
HPRegen  1.20/turn              (no ring)
MPRegen  0.14/turn              (no ring)

@: lethally poisoned (-5 -> -5), unable to hop, very slightly contaminated,
slowed, very slow
A: amphibious, slowness 1, strong legs 1, +LOS
a: Hop, Renounce Religion, Channel Magic


You were on level 8 of the Dungeon.
You worshipped Sif Muna.
Sif Muna was pleased with you.
You visited 1 branch of the dungeon, and saw 8 of its levels.
You also visited: Sewer.

You collected 499 gold pieces.
You spent 121 gold pieces at shops.

Inventory:

Hand Weapons
 b - a +0 whip
 e - a +2 dagger of venom
 m - a +0 broad axe
 D - a +1 spear of venom (weapon)
Missiles
 d - 4 curare-tipped darts
 g - 2 javelins
Armour
 a - a +0 robe
 h - a +0 leather armour
 o - a +2 hat (worn)
 w - a +0 pair of gloves (worn)
 x - a +0 helmet
 B - the +3 scale mail of Curiosity (worn) {Drain Regen+ Int+4}
   (You found it on level 7 of the Dungeon)

   Int:       It affects your intelligence (+4).
   Regen:     It increases your rate of health regeneration.
   Drain:     It drains your maximum health when unequipped.
Wands
 C - a wand of mindburst (18)
Scrolls
 i - 4 scrolls of teleportation
 k - 6 scrolls of identify {unknown}
 n - 3 scrolls of fog
 p - 2 scrolls of enchant armour
 q - a scroll of summoning {unknown}
 t - a scroll of noise {unknown}
 y - a scroll of magic mapping {unknown}
 z - a scroll of enchant weapon {unknown}
 A - a scroll of vulnerability {unknown}
 E - a scroll of holy word {unknown}
Potions
 c - a potion of haste {unknown}
 f - 6 potions of flight
 j - a potion of brilliance {unknown}
 l - 3 potions of ambrosia
 r - a potion of lignification {unknown}
 s - 2 potions of curing
 u - 2 potions of invisibility {unknown}
 v - 2 potions of heal wounds


   Skills:
 - Level 4.0 Fighting
 + Level 3.8 Armour
 - Level 4.0 Dodging
 - Level 3.0 Stealth
 - Level 4.4 Spellcasting
 - Level 5.0 Conjurations
 - Level 8.0 Ice Magic
 - Level 6.2 Invocations
 * Level 2.0 Evocations


You had 4 spell levels left.
You knew the following spells:

 Your Spells              Type           Power      Damage    Failure   Level
a - Freeze                Ice            100%       1d11      1%          1
c - Frozen Ramparts       Ice            76%        1d9       6%          3
d - Hailstorm             Conj/Ice       31%        3d8       36%         4
g - Passage of Golubria   Tloc           N/A        N/A       99%         4

Your spell library contained the following spells:

 Spells                   Type           Power      Damage    Failure   Level
 Ozocubu's Armour         Ice            38%        N/A       6%          3
 Magic Dart               Conj           100%       1d8       7%          1
 Ensorcelled Hibernation  Hex/Ice        42%        N/A       16%         2
 Corona                   Hex            4%         N/A       50%         1
 Summon Small Mammal      Summ           16%        N/A       50%         1
 Call Imp                 Summ           4%         N/A       63%         2
 Mephitic Cloud           Conj/Pois/Air  11%        N/A       63%         3
 Summon Ice Beast         Ice/Summ       21%        N/A       71%         4
 Call Canine Familiar     Summ           4%         N/A       86%         3
 Portal Projectile        Hex/Tloc       8%         N/A       86%         3
 Summon Guardian Golem    Hex/Summ       4%         N/A       86%         3
 Tukima's Dance           Hex            4%         N/A       86%         3
 Airstrike                Air            2%         N/A       99%         4
 Summon Lightning Spire   Summ/Air       4%         N/A       99%         4
 Lightning Bolt           Conj/Air       7%         1d20      99%         5
 Blade Hands              Tmut           2%         N/A       100%        5
 Excruciating Wounds      Necr           2%         N/A       100%        5
 Silence                  Hex/Air        2%         N/A       100%        5
 Summon Mana Viper        Hex/Summ       4%         N/A       100%        5
 Monstrous Menagerie      Summ           2%         N/A       100%        7
 Lehudib's Crystal Spear  Conj/Erth      7%         10d3      100%        8


Dungeon Overview and Level Annotations

Branches:
Dungeon (8/15)             Temple (0/1) D:5           Sewer (visited)
   Lair: D:8-11

Altars:
Ashenzari
Dithmenos
Hepliaklqana
Sif Muna
Trog
Xom

Shops:
D:3 *   D:5 [[:

Annotations:
D:3 2 runed translucent doors, Ekaitz's ghost, weakling DsVM
D:5 exclusion: phantom
D:7 exclusion: door


Innate Abilities, Weirdness & Mutations

You are amphibious.
You cover ground slowly.
You can hop short distances.
You have an extended range of vision and can be seen from far away.


Message History

You are more poisoned.
You feel as though you will be slow longer.
You hit the hornet.
The hornet is heavily wounded.
You feel extremely sick.
The wall freezes the hornet!
The hornet stings you!
* * * LOW HITPOINT WARNING * * *
You feel as though you will be slow longer.
The wall freezes the hornet but does no damage.
The hornet stings you.
* * * LOW HITPOINT WARNING * * *
You feel as though you will be slow longer.
The wall freezes the hornet.
The hornet stings you but does no damage.
Unknown command.
Your frozen ramparts will break if you move.
Continue?
Hop to where?
Press: ? - help, Dir - move target Your frozen ramparts will break if you move.
Continue?
The frozen ramparts melt away as you move.
Boing!
You feel very sick.
Casting: Frozen Ramparts (dangerous; 6% risk of failure)
Confirm with . or Enter, or press ? or * to list all spells.
You can't see any susceptible monsters within range! (Use Z to cast anyway.)
You feel very sick.
Casting: Frozen Ramparts (dangerous; 6% risk of failure)
Confirm with . or Enter, or press ? or * to list all spells.
The spell is quite dangerous to cast (36% risk of failure)!
Continue anyway?
Casting: Hailstorm (quite dangerous; 36% risk of failure)
Press: ? - help, Dir - look around, f - activate You miscast Hailstorm.
You are very lightly contaminated with residual magic.
Nothing appears to happen.
You feel sick.
You hit the hornet.
The hornet is poisoned.
The hornet is almost dead.
You feel sick.
The hornet stings you but does no damage.
The hornet stings you!
You die...

########.##################
#............#....#........
.#...)....###.#.##.#.#######
............#†#.##.#.#..###.
##.(.....>..'...............
#..........#......#.#..#...
#######....######.#.#......
#...y.....#.#.#..#.#.
#...@####.#.#.##.#.#.
#................#.#.
#..........##.####.#.
#.............# #.#.
####.......#### #.#.
######### #.## #..


You could see a hornet (very poisoned).

Vanquished Creatures
  A wyvern (D:7)
  A steam dragon (D:6)
  An acid dragon (D:8)
  An ice beast (D:7)
  An orc warrior (D:6)
  A black bear (D:5)
  4 ogres
  A centaur (D:6)
  A phantom (D:5)
  A bullfrog (D:6)
  4 scorpions
  A wyvern zombie (D:7)
  A water moccasin skeleton (D:5)
  An electric eel (D:7)
  A bullfrog zombie (D:6)
  5 orc priests
  2 bullfrog skeletons
  A gnoll shaman (D:8)
  3 jellies
  A centaur skeleton (D:4)
  2 iguanas
  5 orc wizards
  2 hound skeletons (D:5)
  4 gnolls (D:8)
  5 adders
  2 river rats (D:3)
  A shadow imp (D:5)
  A white imp (D:5)
  An ufetubus (D:5)
  5 worms (Sewer)
  6 dart slugs
  32 orcs
  9 ball pythons
  11 endoplasms
  2 giant cockroaches
  12 goblins
  6 hobgoblins
  18 jackals
  6 kobolds
  5 quokkas
  10 bats
  5 frilled lizards
  2 rats
185 creatures vanquished.

Vanquished Creatures (others)
  7 plants (D:4)
7 creatures vanquished.

Grand Total: 192 creatures vanquished

Notes
Turn   | Place    | Note
-------+----------+-------------------------------------------
     0 | D:1      | shoop the Barachi Ice Elementalist began the quest for the
                  | Orb.
     0 | D:1      | Reached XP level 1. HP: 13/13 MP: 3/3
    28 | D:1      | Reached skill level 5 in Ice Magic
    99 | D:1      | Reached skill level 1 in Fighting
    99 | D:1      | Reached XP level 2. HP: 19/21 MP: 0/5
   306 | D:1      | Reached XP level 3. HP: 24/27 MP: 0/6
   867 | D:2      | Learned a level 3 spell: Frozen Ramparts
  1138 | D:2      | Reached skill level 1 in Armour
  1143 | D:2      | Reached XP level 4. HP: 31/33 MP: 2/7
  1467 | D:3      | Found a shimmering blue altar of Sif Muna.
  1468 | D:3      | Found a hazy altar of Hepliaklqana.
  1468 | D:3      | Found a bloodstained altar of Trog.
  1478 | D:3      | Reached skill level 6 in Ice Magic
  1479 | D:3      | Became a worshipper of Sif Muna the Loreminder
  1751 | D:3      | Found a broken altar of Ashenzari.
  1775 | D:3      | Found Firocytz's General Store.
  1783 | D:3      | Bought a potion of ambrosia for 88 gold pieces
  1783 | D:3      | Bought a scroll of teleportation for 33 gold pieces
  1820 | D:3      | Found a runed translucent door.
  1823 | D:3      | Noticed Ekaitz's ghost (weakling DsVM)
  1944 | D:3      | Found a runed translucent door.
  1957 | D:3      | Reached skill level 1 in Invocations
  1957 | D:3      | Reached XP level 5. HP: 13/38 MP: 5/9
  2014 | D:3      | Found a glowing drain.
  2069 | Sewer    | Entered a sewer
  2451 | Sewer    | Reached * piety under Sif Muna
  3393 | D:4      | Reached XP level 6. HP: 44/44 MP: 7/10
  3408 | D:4      | Learned a level 4 spell: Hailstorm
  3586 | D:4      | Found a shimmering altar of Xom.
  3587 | D:4      | Found a shimmering altar of Xom.
  3588 | D:4      | Found a shimmering altar of Xom.
  3588 | D:4      | Found a shimmering altar of Xom.
  3589 | D:4      | Found a shimmering altar of Xom.
  3590 | D:4      | Found a shimmering altar of Xom.
  3590 | D:4      | Found a shimmering altar of Xom.
  3591 | D:4      | Found a shadowy altar of Dithmenos.
  3666 | D:4      | Reached skill level 1 in Conjurations
  4629 | D:4      | Reached ** piety under Sif Muna
  4661 | D:4      | You fall into a shaft and drop 2 floors!
  4711 | D:6      | Reached skill level 7 in Ice Magic
  4711 | D:6      | Reached XP level 7. HP: 46/50 MP: 4/11
  5425 | D:5      | Entered Level 5 of the Dungeon
  5425 | D:5      | Found Munkiofe's Book Boutique.
  5564 | D:5      | Reached XP level 8. HP: 39/58 MP: 11/13
  5991 | D:5      | Reached skill level 5 in Conjurations
  5991 | D:5      | Reached skill level 8 in Ice Magic
  6036 | D:5      | Found Seadwa Ynnid's Antique Armour Emporium.
  6061 | D:5      | Upgraded the game from 0.27-b1-41-gafb5482f4b to
                  | 0.27-b1-42-g19c61b19a5
  6349 | D:5      | Found a staircase to the Ecumenical Temple.
  6872 | D:5      | Found Ullahaxy's Antique Armour Boutique.
  7575 | D:6      | Reached skill level 5 in Invocations
  7575 | D:6      | Reached XP level 9. HP: 47/64 MP: 7/15
  8354 | D:7      | Learned a level 4 spell: Passage of Golubria
  9254 | D:7      | Identified the +3 scale mail of Curiosity {Drain Regen+
                  | Int+4}
  9633 | D:8      | Reached skill level 1 in Evocations
  9775 | D:8      | Noticed a hornet
  9816 | D:8      | Slain by a hornet

Illustrated notes

Levels and vault maps discovered:
D:1:      amcnicky_arrival_blooded_trapdoor, layout_rooms
D:2:      layout_rooms
D:3:      layout_loops_ring, chequers_temple_overflow_statue_of_worship,
          ashenzari_conservatory_becter, serial_shops, shop,
          ebering_ghost_sewer_f, cheibrodos_sewer_entry_sluice
D:4:      layout_loops_corners, grunt_dithmenos_smoke, nicolae_xom_altar_mimics,
          serial_bayou_crossing
D:5:      layout_gridville, minmay_temple_entry_proselytizer, serial_shops,
          nicolae_take_the_stairs, shop, kennysheep_mini_moat
D:6:      layout_basic
D:7:      layout_gridville, minmay_misc_feat_room, kennysheep_flooded_box
D:8:      layout_basic, nicolae_overflow_hidden_temple, hangedman_decor_opposing

Skill      XL: |  1  2  3  4  5  6  7  8  9 |
---------------+----------------------------+-----
Stealth        | 2 3 |  3.0
Ice Magic      | 5 6 7 8 |  8.0
Fighting       | 1 2 3 4 |  4.0
Armour         | 1 2 3 |  3.8
Spellcasting   | 3 4 |  4.4
Invocations    | 1 2 3 5 6 |  6.2
Conjurations   | 2 4 5 |  5.0
Dodging        | 4 |  4.0
Evocations     | 2 |  2.0

Action                   |  1- 3 |  4- 6 |  7- 9 || total
-------------------------+-------+-------+-------++-------
Melee: Whip              |     4 |       |       ||     4
       Dagger            |    34 |   144 |   183 ||   361
       Spear             |       |       |     6 ||     6
 Cast: Freeze            |    39 |    27 |    16 ||    82
       Frozen Ramparts   |     2 |    15 |    29 ||    46
       Hailstorm         |       |       |    13 ||    13
 Abil: Hop               |     1 |       |     4 ||     5
  Use: Scroll            |       |     2 |       ||     2
       Potion            |       |       |     3 ||     3
 Stab: Sleeping          |     1 |     1 |       ||     2
Armor: Robe              |     7 |       |       ||     7
       Leather armour    |     9 |    59 |    45 ||   113
       Scale mail        |       |       |     5 ||     5
Dodge: Dodged            |    37 |    91 |    88 ||   216
